 Dungeon Crawl Stone Soup version 0.14.2 (webtiles) character file.

5337 Amnesiac the Prestidigitator (level 10, -1/52 HPs)
             Began as a Spriggan Artificer on Feb 10, 2018.
             Was an Elder of Nemelex Xobeh.
             Slain by a sky beast (6 damage)
             ... on Level 9 of the Dungeon.
             The game lasted 00:29:02 (9908 turns).

Amnesiac the Prestidigitator (Spriggan Artificer)   Turns: 9908, Time: 00:29:02

HP  -1/52        AC  7     Str 10      XL: 10   Next: 29%
MP  29/29        EV 26     Int 14      God: Nemelex Xobeh [****..]
Gold 326         SH  0     Dex 17      Spells:  0 memorised,  9 levels left

rFire  + . .     SeeInvis +     a - +2 dagger (venom)
rCold  . . .     Clarity  +     O - +1 robe {rF+}
rNeg   + . .     Conserve .     (shield restricted)
rPois  .         rCorr    .     (helmet restricted)
rElec  .         rRot     .     u - +0 cloak
SustAb . .       Spirit   .     (gloves unavailable)
rMut   .         Warding  .     (boots unavailable)
Saprov . . .     Stasis   .     z - amulet of clarity
MR     +....                    F - ring of positive energy {unknown}
                                l - +3 ring of protection

@: very quick, somewhat resistant to hostile enchantments, quite stealthy
A: unfitting armour, see invisible, herbivore 3, speed 3, slow metabolism 2
a: Draw One, Peek at Two, Triple Draw, Deal Four, Renounce Religion


You were on level 9 of the Dungeon.
You worshipped Nemelex Xobeh.
Nemelex Xobeh was greatly pleased with you.
You were not hungry.

You visited 2 branches of the dungeon, and saw 10 of its levels.

You collected 366 gold pieces.
You spent 36 gold pieces at shops.

Inventory:

Hand weapons
 a - a +2,+2 dagger of venom (weapon)
 b - a +0 blowgun
 r - a +1,+0 dagger of protection
Missiles
 e - 30 poisoned needles
 K - 5 curare-tipped needles
 L - 4 needles of slowing
Armour
 u - a +0 cloak (worn)
 O - a +1 robe of fire resistance (worn)
Magical devices
 c - a wand of enslavement (15)
 p - a wand of confusion (4)
 t - a wand of digging (14)
 C - a wand of paralysis (9)
 U - a wand of paralysis (7)
Comestibles
 o - a banana
 E - a choko
 H - 20 strawberries
 N - 5 apples
 P - 2 bread rations
 Q - an orange
 S - an apricot
 T - 3 pears
Scrolls
 f - a scroll of magic mapping {!r}
 g - 4 scrolls of remove curse {!r}
 k - 2 scrolls of immolation {!r, unknown}
 m - 3 scrolls of identify {!r}
 n - 4 scrolls of amnesia {!r}
 x - a scroll of blinking {!r, unknown}
 J - 2 scrolls of fog {!r}
 M - 3 scrolls of teleportation {!r}
 V - a scroll of enchant weapon I {!r, unknown}
Jewellery
 i - an uncursed ring of teleportation
 l - a +3 ring of protection (left hand)
 q - an uncursed amulet of warding
 v - an uncursed amulet of resist corrosion
 y - an uncursed ring of protection from cold
 z - an amulet of clarity (around neck)
 A - an uncursed ring of protection from cold
 F - a ring of positive energy (right hand) {unknown}
 G - an uncursed ring of fire
 W - an uncursed ring of teleport control {unknown}
Potions
 h - a potion of might {!q}
 j - a potion of magic {!q, unknown}
 s - 3 potions of heal wounds {!q}
 B - a potion of restore abilities {!q, unknown}
 D - 3 potions of brilliance {!q}
 I - 7 potions of curing {!q}
Magical staves
 w - an uncursed staff of energy
Miscellaneous
 d - a plain deck of summonings {drawn: 1}
 R - an ornate deck of escape {drawn: 1}


   Skills:
 + Level 5.6 Fighting
 - Level 6.0 Short Blades
 + Level 10.3 Dodging
 - Level 6.0 Stealth
 * Level 13.7 Evocations


You had 9 spell levels left.
You didn't know any spells.

Dungeon Overview and Level Annotations

Branches:
Dungeon (9/15)             Temple (1/1) D:7
    Orc: D:9-12        Lair: D:8-11

Altars:
Ashenzari
Cheibriados
Dithmenos
Elyvilon
Fedhas
Kikubaaqudgha
Makhleb
Nemelex Xobeh
Okawaru
Sif Muna
Trog
Vehumet
Xom
Yredelemnul
Zin
The Shining One

Shops:
D:7 *


Innate Abilities, Weirdness & Mutations

You are tiny and cannot use many weapons and most armour.
You have supernaturally acute eyesight.
You are a herbivore.
You cover ground extremely quickly.
You need consume almost no food.


Message History

The giant frog is lightly wounded.
The giant frog misses you.
You hit the giant frog.
The giant frog looks even sicker.
The giant frog is moderately wounded.
The giant frog completely misses you.
You hit the giant frog.
The giant frog is heavily wounded.
The giant frog completely misses you.
You hit the giant frog.
The giant frog is severely wounded.
The giant frog hits you.
You hit the giant frog.
You kill the giant frog!
The centaur unwields an uncursed bow.
The centaur completely misses you.
You hit the centaur.
The centaur is poisoned.
The centaur is lightly wounded.
You hit the centaur.
The centaur looks even sicker.
The centaur is lightly wounded.
The centaur closely misses you.
A sky beast comes into view.
You hit the centaur but do no damage.
The centaur looks even sicker.
The centaur is lightly wounded.
The centaur hits you.
You barely miss the centaur.
The centaur is lightly wounded.
The centaur completely misses you.
You barely miss the centaur.
The centaur is lightly wounded.
The centaur hits you.
* * * LOW HITPOINT WARNING * * *
You hit the centaur.
The centaur is severely wounded.
The centaur completely misses you. The centaur misses you.
You hit the centaur but do no damage.
The centaur is severely wounded.
The centaur misses you.
You hit the centaur.
The centaur is almost dead.
The centaur misses you.
You hit the centaur.
You kill the centaur!
The sky beast misses you.
There is a stone staircase leading down, spattered with blood here.
Things that are here:
an uncursed bow; 2 arrows of dispersal; a giant frog corpse You barely miss the sky beast.
You hit the sky beast but do no damage.
The sky beast is poisoned.
The sky beast hits you.
* * * LOW HITPOINT WARNING * * *
The sky beast shocks you!
* * * LOW HITPOINT WARNING * * *
You barely miss the sky beast.
The sky beast flickers out of sight for a moment.
The sky beast hits you.
* * * LOW HITPOINT WARNING * * *
The sky beast shocks you!
* * * LOW HITPOINT WARNING * * *
You hit the sky beast but do no damage.
The sky beast looks even sicker.
You closely miss the sky beast. The sky beast closely misses you.
You barely miss the sky beast. The sky beast hits you.
* * * LOW HITPOINT WARNING * * *
The sky beast shocks you!
You die...
Your body glows slightly and disappears.

### #.# ##@# .
#I### ...
#..#.##.#
...F##..$#.#.##
..<..>#.......#
..............
#.#...:.......
###......#..
#.......###


You could see a sky beast.

Vanquished Creatures
  A hydra (D:6)
  Erolcha (D:8)
  Maurice (D:8)
  2 hippogriffs
  A hill giant zombie (D:6)
  A mottled dragon (D:8)
  2 water moccasins (D:7)
  2 orc warriors
  A phantom (D:7)
  2 sky beasts
  2 ogres
  3 centaurs
  Sigmund (D:5)
  Duvessa (D:5)
  3 giant frogs
  3 scorpions
  4 killer bees (D:8)
  The ghost of Amnesiac the Charlatan, a weakling SpAr (D:4)
  A goliath beetle (D:5)
  Dowan (D:5)
  2 crimson imps
  2 jellies
  8 orc priests
  3 worker ants
  5 orc wizards
  An iguana (D:6)
  3 hounds
  A killer bee zombie (D:8)
  Jessica (D:2)
  7 adders
  A scorpion zombie (D:8)
  8 shadow imps
  A giant mite (D:4)
  An inept feature mimic (D:6)
  An inept item mimic (D:8)
  3 worms
  An adder zombie (D:6)
  2 adder skeletons
  An orc skeleton (D:4)
  An orc zombie (D:8)
  A giant eyeball (D:5)
  3 giant geckos
  3 oozes
  19 orcs
  17 bats
  5 giant cockroaches
  8 goblins
  11 hobgoblins
  8 kobolds
  8 quokkas
  2 giant newts
  A jackal zombie (D:5)
  12 rats
185 creatures vanquished.

Vanquished Creatures (collateral kills)
  A mummy (D:8)
  A giant eyeball (D:8)
2 creatures vanquished.

Vanquished Creatures (others)
  An elf skeleton (D:8)
  An iron imp (D:8)
  An orc wizard (D:6)
3 creatures vanquished.

Grand Total: 190 creatures vanquished

Notes
Turn   | Place    | Note
--------------------------------------------------------------
     0 | D:1      | Amnesiac, the Spriggan Artificer, began the quest for the Orb.
     0 | D:1      | Reached XP level 1. HP: 9/9 MP: 2/2
   472 | D:3      | Reached skill level 1 in Fighting
   472 | D:3      | Reached XP level 2. HP: 5/14 MP: 5/5
   583 | D:3      | Reached skill level 5 in Evocations
   583 | D:3      | Reached XP level 3. HP: 9/18 MP: 8/8
   855 | D:3      | Found a shadowy altar of Dithmenos.
   855 | D:3      | Found a bloodstained altar of Trog.
  1067 | D:4      | Noticed Amnesiac's ghost (weakling SpAr)
  1077 | D:4      | Reached XP level 4. HP: 13/22 MP: 11/11
  1135 | D:4      | Killed Amnesiac's ghost
  1135 | D:4      | Reached skill level 6 in Evocations
  1551 | D:4      | Reached XP level 5. HP: 15/26 MP: 15/15
  1828 | D:4      | Noticed a scorpion
  1839 | D:4      | Killed a scorpion
  1839 | D:4      | Reached skill level 5 in Dodging
  1839 | D:4      | Reached skill level 7 in Evocations
  1900 | D:4      | Found a blossoming altar of Fedhas.
  2033 | D:4      | Reached XP level 6. HP: 23/32 MP: 18/18
  2193 | D:4      | Noticed a scorpion
  2201 | D:4      | Killed a scorpion
  2486 | D:5      | Entered Level 5 of the Dungeon
  2489 | D:5      | Reached skill level 8 in Evocations
  2763 | D:5      | Paralysed by a giant eyeball for 2 turns
  2780 | D:5      | Paralysed by a giant eyeball for 4 turns
  2788 | D:5      | Paralysed by a giant eyeball for 3 turns
  2796 | D:5      | Paralysed by a giant eyeball for 3 turns
  2840 | D:5      | Reached XP level 7. HP: 14/35 MP: 21/21
  3260 | D:5      | Noticed Duvessa
  3268 | D:5      | Noticed Dowan
  3287 | D:5      | Killed Duvessa
  3287 | D:5      | Reached skill level 9 in Evocations
  3304 | D:5      | Killed Dowan
  3742 | D:5      | Noticed Sigmund
  3756 | D:5      | Found a deep blue altar of Sif Muna.
  3773 | D:5      | Killed Sigmund
  3773 | D:5      | Reached skill level 10 in Evocations
  3910 | D:6      | Noticed a seven-headed hydra
  3931 | D:6      | Found a shadowy altar of Dithmenos.
  4100 | D:6      | Killed a seven-headed hydra
  4100 | D:6      | Reached skill level 11 in Evocations
  4100 | D:6      | Reached XP level 8. HP: 39/42 MP: 23/25
  4277 | D:6      | Paralysed by you for 5 turns
  4506 | D:6      | Reached XP level 9. HP: 40/46 MP: 26/26
  4590 | D:6      | Reached skill level 5 in Stealth
  5449 | D:7      | Found Frean's Serpentskin Sales.
  5455 | D:7      | Bought a potion of poison for 12 gold pieces
  5455 | D:7      | Bought a potion of strong poison for 24 gold pieces
  5540 | D:7      | Reached skill level 5 in Short Blades
  5545 | D:7      | Reached skill level 12 in Evocations
  5757 | D:7      | Found a staircase to the Ecumenical Temple.
  5763 | Temple   | Entered the Ecumenical Temple
  5839 | Temple   | Became a worshipper of Nemelex Xobeh the Trickster
  6035 | D:1      | Received a gift from Nemelex Xobeh
  6564 | D:2      | Noticed Jessica
  6571 | D:2      | Killed Jessica
  6588 | D:2      | Acquired Nemelex Xobeh's first power
  6759 | D:2      | Acquired Nemelex Xobeh's second power
  7680 | D:4      | Received a gift from Nemelex Xobeh
  7936 | D:5      | Acquired Nemelex Xobeh's third power
  9061 | D:8      | Acquired Nemelex Xobeh's fourth power
  9114 | D:8      | Reached skill level 5 in Fighting
  9222 | D:8      | Noticed Maurice
  9237 | D:8      | Killed Maurice
  9350 | D:8      | Found a burning altar of Makhleb.
  9371 | D:8      | Reached skill level 13 in Evocations
  9371 | D:8      | Reached XP level 10. HP: 48/51 MP: 28/28
  9392 | D:8      | Paralysed by a giant eyeball for 2 turns
  9400 | D:8      | Paralysed by a giant eyeball for 2 turns
  9424 | D:8      | Received a gift from Nemelex Xobeh
  9448 | D:8      | Noticed Erolcha
  9592 | D:8      | Killed Erolcha
  9592 | D:8      | Reached skill level 10 in Dodging
  9908 | D:9      | Slain by a sky beast

Action                   |  1- 3 |  4- 6 |  7- 9 | 10-12 || total
-------------------------+-------+-------+-------+-------++-------
Melee: Short sword       |    65 |    81 |    18 |       ||   164
       Dagger            |     4 |    22 |   452 |    85 ||   563
       Blowgun           |     1 |       |       |       ||     1
 Fire: Blowgun           |    13 |    46 |    20 |       ||    79
       Bow               |       |       |    39 |       ||    39
Invok: Draw One          |       |       |       |     3 ||     3
Evoke: Wand              |    10 |    25 |    18 |     6 ||    59
       Deck              |       |       |     1 |     2 ||     3
  Use: Scroll            |       |     4 |    10 |       ||    14
       Potion            |       |       |     4 |       ||     4
 Stab: Sleeping          |     1 |     1 |    20 |       ||    22
       Paralysed         |       |       |    18 |     2 ||    20
       Distracted        |       |       |       |     1 ||     1
